 Dungeon Crawl Stone Soup version 0.31-a0-845-g9abc20d24f (webtiles) character file.

Game seed: 14168290196380619446

226 Nattfarinn the Trooper (level 6, -3/41 HPs)
             Began as a Gargoyle Venom Mage on Oct 3, 2023.
             Killed by divine providence
             ... invoked by an orc priest
              (16 damage)
             ... on level 4 of the Dungeon.
             The game lasted 00:08:23 (3586 turns).

Nattfarinn the Trooper (Gargoyle Venom Mage)        Turns: 3586, Time: 00:08:24

Health: -3/41      AC:  7    Str: 12    XL:     6   Next: 1%
Magic:  1/9        EV: 26    Int: 17    God:
Gold:   118        SH:  0    Dex: 10    Spells: 6/9 levels left

rFire   + . .        g - +0 sling
rCold   . . .        (no shield)
rNeg    + . .        a - +0 robe
rPois   ∞            y - +0 helmet
rElec   +            (no cloak)
rCorr   +            (no gloves)
SInv    .            (no boots)
Will    .....        c - amulet of the acrobat
Stlth   ++           h - ring of resist corrosion
HPRegen 0.26/turn    k - ring of protection from fire
MPRegen 0.11/turn

%: acrobat
@: acrobatic
A: sickness immunity, AC +4, negative energy resistance 1, electricity
resistance, torment resistance 1, petrification resistance
a: no special abilities


You were on level 4 of the Dungeon.
You visited 1 branch of the dungeon, and saw 4 of its levels.
You also visited: Sewer.

You collected 118 gold pieces.

Inventory:

Hand Weapons
 d - a +0 dagger
 g - a +0 sling (weapon)
 m - a +2 heavy mace
 p - a +0 short sword of speed
Armour
 a - a +0 robe (worn)
 y - a +0 helmet (worn)
Jewellery
 c - an amulet of the acrobat (around neck)
 h - a ring of resist corrosion (left hand)
 k - a ring of protection from fire (right hand)
 x - a ring of protection from fire
Wands
 z - a wand of light (7)
Scrolls
 e - a scroll of butterflies {unknown}
 f - 2 scrolls of immolation {unknown}
 i - a scroll of enchant weapon {unknown}
 l - 2 scrolls of noise {unknown}
 n - a scroll of teleportation {unknown}
 q - a scroll of revelation {unknown}
 s - 2 scrolls of fear {unknown}
 w - a scroll of amnesia {unknown}
Potions
 b - a potion of magic
 j - a potion of might {unknown}
 o - a potion of haste {unknown}
 r - a potion of heal wounds {unknown}
 t - 2 potions of brilliance {unknown}
 u - a potion of invisibility {unknown}
 v - a potion of enlightenment {unknown}


   Skills:
 + Level 6.1 Fighting
 - Level 1.5 Dodging
 - Level 2.1 Stealth
 - Level 2.0 Spellcasting
 - Level 0.7 Transmutations
 - Level 3.0 Poison Magic


You had 6 spell levels left.
You knew the following spells:

 Your Spells              Type           Power      Damage    Failure   Level
a - Sting                 Tmut/Pois      32%        1d4       9%          1
b - Poisonous Vapours     Pois/Air       12%        N/A       16%         2

Your spell library contained the following spells:

 Spells                   Type           Power      Damage    Failure   Level
 Mephitic Cloud           Conj/Pois/Air  5%         N/A       36%         3
 Olgreb's Toxic Radiance  Pois           11%        N/A       50%         4
 Discord                  Hex            0%         N/A       100%        8
 Ignition                 Fire           0%         3d3       100%        8


Dungeon Overview and Level Annotations

Branches:
Dungeon (4/15)              Sewer (visited)
 Temple: D:4-7

Altars:
Qazlal

Shops:
D:3 [*


Innate Abilities, Weirdness & Mutations

You are immune to sickness and miasma.
Your stone body is resilient. (AC +4)
You are immune to poison.
You resist negative energy. (rN+)
You are resistant to electric shocks. (rElec)
You are resistant to unholy torment.
You are immune to petrification.


Message History

The orc priest looks even sicker.
Casting: Poisonous Vapours (safe; 16% risk of failure)
Confirm with . or Enter, or press ? or * to list all spells.
Aiming: Poisonous Vapours (safe; 16% risk of failure)
Press: ? - help, Dir - move target, f/p - orc priest
Aim: an orc priest, wielding a +0 whip (moderately wounded, very poisoned) Poisonous vapours surround the orc priest!
The orc priest looks even sicker.
The orc priest barely misses you.
Your magical contamination has completely faded away.
The orc priest attacks as it pursues you!
The orc priest completely misses you.
Casting: Poisonous Vapours (safe; 16% risk of failure)
Confirm with . or Enter, or press ? or * to list all spells.
Aiming: Poisonous Vapours (safe; 16% risk of failure)
Press: ? - help, Dir - move target, f/p - orc priest
Aim: an orc priest, wielding a +0 whip (moderately wounded, very poisoned)
You miscast Poisonous Vapours.
You are very lightly contaminated with residual magic.
Nothing appears to happen.
The orc priest casts a cantrip, but nothing happens.
The orc priest attacks as it pursues you!
The orc priest completely misses you.
The orc priest attacks as it pursues you!
The orc priest misses you.
The orc priest mumbles some strange prayers to Beogh against you.
You barely resist.
Unknown command.
Your magical contamination has completely faded away.
You see here a +0 dagger.
The orc priest invokes the aid of Beogh against you.
You barely resist.
The orc priest invokes the aid of Beogh against you.
Beogh smites you!
The orc priest looks more healthy.
The orc priest mumbles some strange prayers to Beogh against you.
Beogh smites you!
* * * LOW HITPOINT WARNING * * *
The orc priest invokes the aid of Beogh against you.
Beogh smites you!
You die...

#####....#
#.#######..#
.....
#.......#..#
.....
#######.#..#
.>... #.#..#
o...# #....#
...# ####.#


So# #.# #o# #@# #.# #.# #o#### #.# #..g.# #.# ####S## #.# #..### #.# ##...# #o#
###o### #o# #.o.####.# You could see an orc priest and an orc.

Vanquished Creatures
  A sleepcap (D:4)
  4 river rats
  5 adders
  4 worms
  2 dart slugs
  4 orcs (D:3)
  6 endoplasms
  3 giant cockroaches
  14 goblins
  7 hobgoblins
  5 jackals (D:3)
  4 quokkas
  7 ball pythons
  5 bats
  8 frilled lizards
  8 kobolds
  12 rats
99 creatures vanquished.

Notes
Turn   | Place    | Note
-------+----------+-------------------------------------------
     0 | D:1      | Nattfarinn the Gargoyle Venom Mage began the quest for the
                  | Orb.
     0 | D:1      | Reached XP level 1. HP: 10/10 MP: 3/3
    94 | D:1      | Reached skill level 1 in Fighting
   123 | D:1      | Reached XP level 2. HP: 17/17 MP: 1/5
   220 | D:1      | Reached skill level 2 in Fighting
   494 | D:1      | Reached XP level 3. HP: 22/22 MP: 1/6
   576 | D:1      | Reached skill level 3 in Fighting
  1201 | D:2      | Reached XP level 4. HP: 29/29 MP: 7/7
  1353 | D:2      | Reached skill level 4 in Fighting
  2110 | D:3      | Reached XP level 5. HP: 20/34 MP: 8/8
  2123 | D:3      | Reached skill level 5 in Fighting
  2150 | D:3      | Found a glowing drain.
  2154 | Sewer    | Entered a sewer
  2812 | D:3      | Found Uhos's Armour Emporium.
  2977 | D:3      | Found Xyzar's Assorted Antiques.
  3252 | D:4      | Found a stormy altar of Qazlal.
  3381 | D:4      | Reached skill level 6 in Fighting
  3381 | D:4      | Reached XP level 6. HP: 9/41 MP: 0/9
  3561 | D:4      | Learned a level 2 spell: Poisonous Vapours
  3586 | D:4      | Killed from afar by an orc priest

Illustrated notes

Levels and vault maps discovered:
D:1:      dpeg_arrival_more_subterranean_lakeside_camping, layout_rooms,
          minmay_3d_cube
D:2:      layout_rooms, chequers_big_river
D:3:      layout_loops_corners, gup_sewer_entry_spiral, serial_shops, shop,
          shop, minmay_misc_feat_more_columns
D:4:      kennysheep_kobold_camp, layout_basic, mainiacjoe_overflow_paths,
          minmay_temple_entry_tees, gammafunk_ghost_abyssal_escape,
          uniq_blork_the_orc, uniq_duvessa, uniq_ijyb

Skill      XL: |  1  2  3  4  5 |
---------------+----------------+-----
Fighting       | 1 2 3 4 6 |  6.1
Dodging        | |  1.5
Stealth        | |  2.1
Spellcasting   | |  2.0
Transmutations | |  0.7
Poison Magic   | |  3.0

Action                     |  1- 3 |  4- 6 || total
---------------------------+-------+-------++-------
  Melee: Dagger            |    26 |       ||    26
         Unarmed           |     1 |       ||     1
   Fire: Sling             |    76 |   250 ||   326
   Cast: Sting             |    28 |    15 ||    43
         Poisonous Vapours |       |     3 ||     3
    Use: Potion            |       |     1 ||     1
 Armour: Robe              |    40 |   110 ||   150
  Dodge: Dodged            |    42 |   107 ||   149

Table legend: (Time is in decaauts)
 A = Elapsed time spent in this place.
 B = Non-inter-level travel time spent in this place.
 C = Inter-level travel time spent in this place.
 D = Time resting spent in this place.
 E = Time spent auto-exploring this place.
 F = Levels seen in this place.
 G = Mean time per level.
                   A        B        C        D        E       F      G
               +--------+--------+--------+--------+--------+-----+--------+
         Total |   3817 |   3333 |    484 |      0 |   2532 |   5 |  763.4 |
       Dungeon |   3418 |   2934 |    484 |      0 |   2269 |   4 |  854.5 |
         Sewer |    399 |    399 |      0 |      0 |    263 |   1 |  399.0 |
               +--------+--------+--------+--------+--------+-----+--------+

Top non-repeatable levels by time:
     D:3: 1398 daAuts
     D:1: 906 daAuts
     D:2: 756 daAuts
   Sewer: 399 daAuts
     D:4: 357 daAuts
